 Dungeon Crawl Stone Soup version 0.25-a0-317-g5f8687bca5 (webtiles) character file.

Game seed: 16030025225653345939, levelgen mode: deterministic

274 Glalom the Chiller (level 6, -1/32 HPs)
             Began as a Deep Elf Ice Elementalist on Dec 25, 2019.
             Succumbed to a gnoll's poison
             ... on level 3 of the Dungeon.
             The game lasted 00:13:57 (4809 turns).

Glalom the Chiller (Deep Elf Ice Elementalist)      Turns: 4809, Time: 00:13:57

Health: -1/32      AC:  3    Str:  5    XL:     6   Next: 3%
Magic:  9/12       EV: 13    Int: 22    God:
Gold:   201        SH:  0    Dex: 15    Spells: 3/11 levels left

rFire    . . .     SeeInvis .   b - +0 short sword
rCold    . . .     Gourm    .   (no shield)
rNeg     . . .     Faith    .   a - +0 robe
rPois    .         Spirit   .   n - +0 helmet
rElec    .         Reflect  .   (no cloak)
rCorr    .         Harm     .   (no gloves)
MR       .....                  (no boots)
Stlth    ++........             (no amulet)
HPRegen  0.10/turn              (no ring)
MPRegen  0.13/turn              (no ring)

@: lethally poisoned (-1 -> -39)
A: no striking features
a: no special abilities


You were on level 3 of the Dungeon.
You were very hungry.

You visited 1 branch of the dungeon, and saw 4 of its levels.

You collected 201 gold pieces.

Inventory:

Hand Weapons
 b - a +0 short sword (weapon)
Armour
 a - a +0 robe (worn)
 n - a +0 helmet (worn)
Jewellery
 m - an uncursed amulet of harm {unknown}
 p - an uncursed amulet of the acrobat {unknown}
 v - an uncursed ring of flight {unknown}
Wands
 q - a wand of acid (3)
Scrolls
 e - a scroll of enchant armour {unknown}
 g - a scroll of teleportation
 i - a scroll of remove curse
 k - 2 scrolls of enchant weapon {unknown}
 l - a scroll of amnesia {unknown}
 o - 2 scrolls of identify {unknown}
 t - a scroll of immolation {unknown}
 w - a scroll of blinking {unknown}
Potions
 d - a potion of heal wounds
 f - a potion of degeneration {unknown}
 h - a potion of brilliance {unknown}
 j - a potion of ambrosia {unknown}
 r - a potion of lignification {unknown}
 s - 2 potions of might {unknown}
 u - 2 potions of curing {unknown}
 x - 2 potions of mutation {unknown}
Comestibles
 c - 4 rations


   Skills:
 - Level 2.4 Dodging
 - Level 2.4 Stealth
 - Level 3.0 Spellcasting
 + Level 2.0 Conjurations
 - Level 4.0 Charms
 + Level 6.9 Ice Magic


You had 3 spell levels left.
You knew the following spells:

 Your Spells              Type           Power        Failure   Level  Hunger
a - Freeze                Ice            ####         1%          1    None
b - Ozocubu's Armour      Chrm/Ice       ####....     4%          3    ###....
c - Hailstorm             Conj/Ice       ###.....     19%         4    ####...

Your spell library contained the following spells:

 Spells                   Type           Power        Failure   Level  Hunger
 Summon Ice Beast         Ice/Summ       ###.....     30%         4    ####...


Dungeon Overview and Level Annotations

Branches:
Dungeon (4/15)
 Temple: D:4-7

Altars:
Cheibriados
Gozag


Message History

You are poisoned.
Casting: Freeze (safe; 1% risk of failure)
Confirm with . or Enter, or press ? or * to list all spells.
A film of ice covers your body!
You feel sick.
The gnoll hits you with a +1 spear of venom.
You are more poisoned.
Your icy armour cracks and falls away as you move.
You feel sick.
The gnoll hits you from afar with a +1 spear of venom.
You are lethally poisoned!
The gnoll hits you from afar with a +1 spear of venom.
You are more poisoned.
You feel sick.
You feel very sick.
The gnoll hits you from afar with a +1 spear of venom!
* * * LOW HITPOINT WARNING * * *
You are more poisoned.
* * * LOW HITPOINT WARNING * * *
You feel very sick.
You die...

#.........###..###..##....#####
#...............##...#....#
###.........###....#.#.#....#
..###......## #.S..#.#......#
..#_#.###### #....#.##.#'#####
[.≈≈≈.# #....#..........#
.≈≈≈≈≈# #####...............#
>≈≈.≈≈# #........#..........#
.≈≈≈≈≈# #.....@###....[....(###
..≈≈≈.# #......########>#####..
......# #......#....###.#####.#
##..### #...........#...#......
.... #......#gg..#...#.###.#
.... #......###.##.g.#.# #.#
#.... ........# #.##g..#.# #.#
........####.##...#.# #.#
.......$.# #...g...#.# #.#


You could see an adder (wandering).

Vanquished Creatures
  An orc priest (D:3)
  An iguana (D:4)
  3 worker ants (D:4)
  A river rat (D:4)
  7 adders
  An adder skeleton (D:4)
  6 worms
  2 dart slugs (D:3)
  3 orcs (D:3)
  A ball python (D:1)
  7 giant cockroaches
  5 hobgoblins
  2 quokkas
  5 bats
  3 frilled lizards
  3 goblins
  6 kobolds
  A quokka skeleton (D:4)
  5 rats
63 creatures vanquished.

Notes
Turn   | Place    | Note
-------+----------+-------------------------------------------
     0 | D:1      | Glalom the Deep Elf Ice Elementalist began the quest for
                  | the Orb.
     0 | D:1      | Reached XP level 1. HP: 10/10 MP: 6/6
   383 | D:1      | Reached XP level 2. HP: 14/15 MP: 4/8
   496 | D:1      | Reached skill level 5 in Ice Magic
  1151 | D:2      | Reached XP level 3. HP: 19/19 MP: 7/9
  1173 | D:2      | Learned a level 3 spell: Ozocubu's Armour
  1412 | D:2      | Reached skill level 1 in Charms
  1624 | D:2      | Found an opulent altar of Gozag.
  2645 | D:3      | Found a snail-covered altar of Cheibriados.
  2843 | D:3      | Reached skill level 6 in Ice Magic
  2843 | D:3      | Reached XP level 4. HP: 24/24 MP: 3/10
  2971 | D:3      | HP: 1/24 [poisoned by a gnoll]
  3591 | D:4      | Found a glowing drain.
  3606 | D:4      | Reached XP level 5. HP: 23/28 MP: 1/11
  3884 | D:4      | Learned a level 4 spell: Hailstorm
  4273 | D:4      | Reached skill level 1 in Conjurations
  4535 | D:4      | Reached XP level 6. HP: 23/32 MP: 8/12
  4809 | D:3      | Succumbed to a gnoll's poison

Levels and vault maps discovered:
D:1:      minmay_arrival_stone_box, layout_loops_corners, minmay_small_reverse_x
D:2:      layout_basic, minmay_misc_feat_ornament, grunt_ministairs_2,
          grunt_gozag_statues
D:3:      layout_basic, kennysheep_slug_shrine, first_ration
D:4:      layout_gridville, portal_sewer_entry_e, serial_park_tiny_pond

Skill      XL: |  1  2  3  4  5 |
---------------+----------------+-----
Ice Magic      | 5 6 |  6.9
Charms         | 2 3 4 |  4.0
Conjurations   | 2 |  2.0
Dodging        | |  2.4
Stealth        | |  2.4
Spellcasting   | |  3.0

Action                   |  1- 3 |  4- 6 || total
-------------------------+-------+-------++-------
Melee: Short sword       |    17 |    22 ||    39
 Cast: Freeze            |    54 |    57 ||   111
       Ozocubu's Armour  |     2 |     2 ||     4
       Hailstorm         |       |     1 ||     1
  Use: Scroll            |       |     3 ||     3
       Potion            |       |     1 ||     1
 Stab: Sleeping          |     2 |       ||     2
  Eat: Chunk             |     6 |     5 ||    11
Armor: Robe              |    11 |     7 ||    18
Dodge: Dodged            |    44 |    44 ||    88

Table legend:
 A = Non-vault XP
 B = Vault XP
 C = Vault XP percentage of total XP
 D = Non-vault monster count
 E = Vault monster count
 F = Vault count percentage of total count
                 A         B        C        D         E       F
            +---------+---------+-------+---------+---------+-------
      Total |     338 |      54 |  13.8 |      48 |      15 |  23.8
            +---------+---------+-------+---------+---------+-------
        D:1 |      19 |       6 |  24.0 |      13 |       4 |  23.5
        D:2 |      19 |      14 |  42.4 |       8 |       2 |  20.0
        D:3 |      81 |       4 |   4.7 |      12 |       1 |   7.7
        D:4 |     219 |      30 |  12.0 |      15 |       8 |  34.8
            +---------+---------+-------+---------+---------+-------
